 Dungeon Crawl Stone Soup version 0.25-a0-930-g9f5dfa9815 (webtiles) character file.

Game seed: 10694289116592784100, levelgen mode: deterministic

143 Hasart the Insei (level 5, -1/34 HPs)
             Began as an Octopode Transmuter on May 4, 2020.
             Slain by a phantom (10 damage)
             ... on level 4 of the Dungeon.
             The game lasted 00:07:22 (3677 turns).

Hasart the Insei (Octopode Transmuter)              Turns: 3677, Time: 00:07:22

Health: -1/34      AC:  1    Str:  9    XL:     5   Next: 25%
Magic:  8/8        EV: 14    Int: 16    God:
Gold:   249        SH:  0    Dex: 13    Spells: 7/8 levels left

rFire    . . .     SeeInvis .   h - +3 dagger (vamp)
rCold    . . .     Gourm    .   (no shield)
rNeg     . . .     Faith    .   (helmet restricted)
rPois    .         Spirit   .   (no amulet)
rElec    .         Reflect  .   (no ring)
rCorr    .         Harm     .   (no ring)
MR       .....                  (no ring)
Stlth    ++........             (no ring)
HPRegen  0.11/turn              (no ring)
MPRegen  0.11/turn              (no ring)
                                (no ring)
                                (no ring)

@: appendage (expiring)
A: almost no armour, stealthy swim, amphibious, 8 rings, constrict 8, tentacle
spike 3, camouflage 1, gelatinous body 1
a: End Transformation


You were on level 4 of the Dungeon.
You were hungry.
One of your tentacles had a temporary spike.
You visited 1 branch of the dungeon, and saw 4 of its levels.

You collected 249 gold pieces.

Inventory:

Hand Weapons
 h - a +3 vampiric dagger (weapon)
Missiles
 a - 12 arrows
Wands
 k - a wand of acid (7)
 o - a wand of disintegration (11)
Scrolls
 b - 3 scrolls of fear {unknown}
 e - a scroll of remove curse {unknown}
 f - 3 scrolls of identify {unknown}
 j - a scroll of teleportation {unknown}
 l - a scroll of magic mapping {unknown}
Potions
 d - a potion of mutation {unknown}
 g - a potion of curing {unknown}
 i - a potion of degeneration {unknown}
 m - a potion of lignification {unknown}
 n - a potion of flight {unknown}
 p - a potion of cancellation {unknown}
Comestibles
 c - 7 rations


   Skills:
 + Level 2.2 Fighting
 * Level 1.5 Short Blades
 + Level 2.7 Dodging
 + Level 3.9 Unarmed Combat
 - Level 2.0 Spellcasting
 + Level 2.9 Transmutations
 + Level 0.5 Evocations


You had 7 spell levels left.
You knew the following spells:

 Your Spells              Type           Power        Failure   Level  Hunger
a - Beastly Appendage     Tmut           ##....       6%          1    #......

Your spell library contained the following spells:

 Spells                   Type           Power        Failure   Level  Hunger
 Sticks to Snakes         Tmut           ##......     10%         2    ###....
 Spider Form              Tmut/Pois      #.........   34%         3    ###....
 Ice Form                 Ice/Tmut       #.......     75%         4    #####..
 Blade Hands              Tmut           ##........   86%         5    ######.


Dungeon Overview and Level Annotations

Branches:
Dungeon (4/15)
 Temple: D:4-7

Altars:
Fedhas
Nemelex Xobeh
Vehumet
Wu Jian


Innate Abilities, Weirdness & Mutations

You cannot wear most types of armour.
You are very stealthy in the water. (Stealth+)
You are amphibious.
You can wear up to eight rings at the same time.
You can use your tentacles to constrict eight enemies at once.
Your skin changes colour to match your surroundings (Stealth+).
Your rubbery body absorbs attacks. (AC +1, EV +1)
One of your tentacles bears a large vicious spike.


Message History

The phantom is moderately damaged.
The phantom hits you.
The phantom blinks!
You barely miss the phantom. Your squeeze misses the phantom.
The phantom is moderately damaged.
The phantom barely misses you.
You miss the phantom.
You pierce the phantom, but do no damage.
The phantom is moderately damaged.
The phantom hits you.
You barely miss the phantom.
The phantom is moderately damaged.
The phantom hits you!
* * * LOW HITPOINT WARNING * * *
You puncture the phantom!
The phantom is moderately damaged.
The phantom completely misses you.
You miss the phantom.
The phantom is moderately damaged.
The phantom hits you!
You die...

........# #........
........# #......
........########....
............#).##'###
............#..#...$#
#'###'##....'..'...(#
...'...#....##.###..#
...#...#.....#.###'###
...#...+.....#..@....#
####...#.....'.W.....#
## #####.....#......##
..#
#.....#......#######..#
#.....#####'###.......#
#.....# #..##.......#
#... +...........# #...
#..##...##..# ##
##+###'##


You could see a phantom.

Vanquished Creatures
  4 adders
  3 gnolls (D:3)
  An adder skeleton (D:2)
  2 dart slugs
  A leopard gecko (D:1)
  3 orcs
  A ball python (D:1)
  6 bats
  5 giant cockroaches
  12 goblins
  6 hobgoblins
  3 jackals (D:2)
  A quokka (D:2)
  4 frilled lizards
  7 kobolds
  6 rats
65 creatures vanquished.

Notes
Turn   | Place    | Note
-------+----------+-------------------------------------------
     0 | D:1      | Hasart the Octopode Transmuter began the quest for the Orb.
     0 | D:1      | Reached XP level 1. HP: 13/13 MP: 3/3
   127 | D:1      | Reached XP level 2. HP: 12/18 MP: 5/5
   870 | D:1      | Reached XP level 3. HP: 23/23 MP: 6/6
  1009 | D:1      | You fall into a shaft and drop 1 floor!
  1095 | D:2      | Found a radiant altar of Vehumet.
  1499 | D:2      | Found a blossoming altar of Fedhas.
  1548 | D:2      | Found an ornate altar of the Wu Jian Council.
  1598 | D:2      | Reached XP level 4. HP: 29/29 MP: 7/7
  2520 | D:3      | Reached skill level 1 in Short Blades
  2552 | D:3      | Found a sparkling altar of Nemelex Xobeh.
  2816 | D:3      | Reached XP level 5. HP: 25/34 MP: 8/8
  3650 | D:4      | Noticed a phantom
  3677 | D:4      | Slain by a phantom

Levels and vault maps discovered:
D:1:      dpeg_arrival_rooms_with_view, layout_basic,
          minmay_misc_feat_more_columns, minmay_misc_feat_nine_boxes
D:2:      layout_loops_corners, vehumet_crystals, fedhas_altar_2,
          lemuel_crystal_altar, kennysheep_minor_cross
D:3:      layout_loops_cross, first_ration, nemelex_diamond_rough_becter
D:4:      layout_gridville, uniq_ijyb

Skill      XL: |  1  2  3  4 |
---------------+-------------+-----
Short Blades   | 1 |  1.5
Fighting       | 2 |  2.2
Dodging        | |  2.7
Unarmed Combat | |  3.9
Spellcasting   | |  2.0
Transmutations | |  2.9
Evocations     | |  0.5

Action                   |  1- 3 |  4- 6 || total
-------------------------+-------+-------++-------
Melee: Unarmed           |    63 |       ||    63
       Constrict         |    25 |    24 ||    49
       Tentacles         |    10 |    15 ||    25
       Dagger            |    11 |    84 ||    95
       Punch             |       |     2 ||     2
       Kick              |       |     2 ||     2
 Cast: Beastly Appendage |       |     1 ||     1
 Stab: Sleeping          |     2 |     4 ||     6
  Eat: Chunk             |     1 |     7 ||     8
Armor: Skin              |     2 |     3 ||     5
Dodge: Dodged            |    61 |    59 ||   120

Table legend:
 A = Non-vault XP
 B = Vault XP
 C = Vault XP percentage of total XP
 D = Non-vault monster count
 E = Vault monster count
 F = Vault count percentage of total count
                 A         B        C        D         E       F
            +---------+---------+-------+---------+---------+-------
      Total |     202 |       3 |   1.5 |      63 |       2 |   3.1
            +---------+---------+-------+---------+---------+-------
        D:1 |      31 |       3 |   8.8 |      18 |       2 |  10.0
        D:2 |      70 |       0 |   0.0 |      23 |       0 |   0.0
        D:3 |      97 |       0 |   0.0 |      20 |       0 |   0.0
        D:4 |       4 |       0 |   0.0 |       2 |       0 |   0.0
            +---------+---------+-------+---------+---------+-------
